 Dungeon Crawl Stone Soup version 0.19.4-8-ga85b6b9 (console) character file.

91 Grinner the Ducker (level 4, -7/23 HPs)
             Began as a Spriggan Transmuter on Feb 13, 2017.
             Mangled by a tentacled starspawn (11 damage)
             ... on level 1 of the Abyss.
             The game lasted 00:06:03 (1619 turns).

Grinner the Ducker (Spriggan Transmuter)            Turns: 1619, Time: 00:06:04

Health: -7/23      AC:  2    Str:  6    XL:     4   Next: 33%
Magic:  0/10       EV: 20    Int: 14    God:
Gold:   121        SH:  0    Dex: 19    Spells: 3 memorised, 3 levels left

rFire  . . .     SeeInvis +       - Unarmed
rCold  . . .     Gourm    .     b - +0 robe
rNeg   . . .     Faith    .     (shield restricted)
rPois  .         Spirit   +     (helmet restricted)
rElec  .         Reflect  .     (no cloak)
rCorr  .         Harm     .     (gloves unavailable)
MR     .....     Clarity  +     (boots unavailable)
Stlth  +......... Rnd*Tele +    j - amulet of guardian spirit
                                l - ring of teleportation (curse)
                                e - +2 ring of dexterity

@: appendage, very quick
A: unfitting armour, hooves 1, horns 2, see invisible, clarity, herbivore 3,
speed 3, robust 1, slow metabolism 2
a: End Transformation


You were on level 1 of the Abyss.
You were not hungry.
You had grown temporary horns.
You visited 1 branch of the dungeon, and saw 2 of its levels.
You visited the Abyss 1 time.

You collected 121 gold pieces.

Inventory:

Missiles
 a - 10 arrows
Armour
 b - a +0 robe (worn)
Jewellery
 e - a +2 ring of dexterity (left hand)
 j - an amulet of guardian spirit (around neck)
 l - a cursed ring of teleportation (right hand)
Potions
 f - a potion of might
 g - a potion of lignification
 k - a potion of flight {unknown}
Books
 c - a book of Changes

   Spells                             Type                      Level
   a - Beastly Appendage              Transmutation                1
   b - Sticks to Snakes               Transmutation                2
   c - Spider Form                    Transmutation/Poison         3
   d - Ice Form                       Ice/Transmutation            4
   e - Blade Hands                    Transmutation                5
Comestibles
 d - 4 bread rations


   Skills:
 - Level 0.7 Fighting
 + Level 4.4 Dodging
 + Level 2.7 Unarmed Combat
 * Level 3.4 Spellcasting
 + Level 4.2 Transmutations


You had 3 spell levels left.
You knew the following spells:

 Your Spells              Type           Power        Failure   Level  Hunger
d - Sticks to Snakes      Tmut           ##......     6%          2    ##.....
s - Spider Form           Tmut/Pois      #.........   30%         3    ###....
z - Beastly Appendage     Tmut           ##....       3%          1    #......


Dungeon Overview and Level Annotations

Branches:
Dungeon (2/15)

Altars:

Annotations:
D:1 Natasha
D:2 Ijyb


Innate Abilities, Weirdness & Mutations

You are very small and have problems with some larger weapons.
You are too small for most types of armour.
You have supernaturally acute eyesight. (SInv)
You are a herbivore.
You cover ground extremely quickly.
You need consume almost no food.
You have large cloven feet.
You have a pair of horns on your head.
You possess an exceptional clarity of mind.
You are robust. (+10% HP)


Message History

Casting: Beastly Appendage
Confirm with . or Enter, or press ? or * to list all spells.
You grow a pair of large bovine horns.
The jelly completely misses you.
You hit the jelly.
Your hands burn!
You kick the jelly, but do no damage.
The jelly is lightly wounded.
The jelly misses you.
You hit the jelly.
Your hands burn!
You kick the jelly, but do no damage.
The jelly is lightly wounded.
The jelly completely misses you.
You hit the jelly.
Your hands burn!
The jelly is moderately wounded.
The jelly closely misses you.
You hit the jelly.
Your hands burn!
* * * LOW HITPOINT WARNING * * *
You kick the jelly, but do no damage. You headbutt the jelly.
You kill the jelly!
You have reached level 4!
The substance of the Abyss twists violently, and a gateway leading out appears!
The tentacled starspawn bites you!
You die...

. ..
##.###.## .
####...#
###.##. X # .
#..### ..#
#####...#..##
# #........##
...
##.ยง....##
## # #.X##. #
###@#### ###


You could see a tentacled starspawn.

Vanquished Creatures
  A jelly (Abyss:1)
  Natasha (D:1)
  3 giant cockroaches
  4 goblins (D:1)
  7 hobgoblins
  4 jackals (D:1)
  2 kobolds
  5 bats (D:1)
  A frilled lizard (D:1)
  6 rats (D:1)
34 creatures vanquished.

Notes
Turn   | Place    | Note
-------+----------+-------------------------------------------
     0 | D:1      | Grinner the Spriggan Transmuter began the quest for the Orb.
     0 | D:1      | Reached XP level 1. HP: 9/9 MP: 5/5
   433 | D:1      | Reached XP level 2. HP: 14/14 MP: 4/6
   739 | D:1      | Reached XP level 3. HP: 13/17 MP: 6/8
  1134 | D:2      | Noticed Natasha
  1158 | D:1      | Killed Natasha
  1167 | D:1      | Noticed Natasha
  1375 | D:2      | Learned a level 3 spell: Spider Form
  1378 | D:2      | Learned a level 2 spell: Sticks to Snakes
  1419 | D:2      | Noticed Ijyb
  1426 | D:2      | Cast into level 1 of the Abyss (Ijyb)
  1499 | Abyss:1  | Noticed a raiju
  1515 | Abyss:1  | Noticed a small abomination
  1517 | Abyss:1  | Noticed a ynoxinul
  1553 | Abyss:1  | Noticed a tentacled starspawn
  1577 | Abyss:1  | Noticed a large abomination
  1581 | Abyss:1  | Noticed a wretched star
  1588 | Abyss:1  | Noticed a tentacled starspawn
  1592 | Abyss:1  | Noticed a large abomination
  1593 | Abyss:1  | Noticed a fire bat
  1613 | Abyss:1  | Gained mutation: You are robust. (+10% HP) [potion of mutation]
  1613 | Abyss:1  | Gained mutation: You possess an exceptional clarity of mind. [potion of mutation]
  1613 | Abyss:1  | Gained mutation: You have large cloven feet. [potion of mutation]
  1618 | Abyss:1  | Reached XP level 4. HP: 4/23 MP: 1/10
  1619 | Abyss:1  | Mangled by a tentacled starspawn

Skill      XL: |  1  2  3 |
---------------+----------+-----
Transmutations | 3 4 |  4.2
Dodging        | 4 |  4.4
Spellcasting   | 3 |  3.4
Fighting       | |  0.7
Unarmed Combat | |  2.7

Action                   |  1- 3 |  4- 6 || total
-------------------------+-------+-------++-------
Melee: Unarmed           |   141 |       ||   141
       Headbutt          |    12 |       ||    12
       Kick              |    11 |       ||    11
       Punch             |     2 |       ||     2
 Cast: Beastly Appendage |    20 |       ||    20
       Sticks to Snakes  |     2 |       ||     2
  Use: Potion            |     3 |       ||     3
       Scroll            |     2 |       ||     2
 Stab: Distracted        |     1 |       ||     1
Armor: Robe              |     9 |       ||     9
Dodge: Dodged            |   121 |       ||   121
